 Dungeon Crawl Stone Soup version 0.19.1-1-g22dce08 (webtiles) character file.

326 godfroggy the Cutter (level 6, -4/30 HPs)
             Began as a Vine Stalker Assassin on Jan 6, 2017.
             Slain by Quirk's ghost (11 damage)
             ... on level 3 of the Dungeon.
             The game lasted 00:21:28 (2565 turns).

godfroggy the Cutter (Vine Stalker Assassin)        Turns: 2565, Time: 00:21:29

Health: -4/30      AC:  5    Str: 14    XL:     6   Next: 49%
Magic:  0/7        EV: 11    Int: 11    God:
Gold:   166        SH:  0    Dex: 17    Spells: 0 memorised, 5 levels left

rFire  . . .     SeeInvis .     a - +2 dagger
rCold  . . .     Gourm    .     n - +1 robe
rNeg   . . .     Faith    +     (no shield)
rPois  .         Spirit   +     (no helmet)
rElec  .         Reflect  .     v - +1 cloak
rCorr  .         Harm     .     (no gloves)
MR     .....                    (no boots)
Stlth  ++++......               p - amulet of faith
                                (no ring)
                                k - ring of stealth

@: flying
A: fangs 2, regeneration 1, magic shield, antimagic bite, no device heal 3, rot
immunity
a: no special abilities


You were on level 3 of the Dungeon.
You were not hungry.

You visited 1 branch of the dungeon, and saw 3 of its levels.

You collected 166 gold pieces.

Inventory:

Hand Weapons
 a - a +2 dagger (weapon)
 b - a +2 blowgun
 j - a +1 dagger of draining
 l - a +2 vampiric dagger
 m - a +2 short sword of venom
Missiles
 c - a throwing net (quivered)
 e - 7 poisoned needles
 f - 2 curare-tipped needles
Armour
 n - a +1 robe (worn)
 v - a +1 cloak (worn)
Jewellery
 k - a ring of stealth (left hand)
 p - an amulet of faith (around neck)
Potions
 i - a potion of invisibility {unknown}
 o - a potion of flight
 q - a potion of degeneration {unknown}
 r - a potion of resistance {unknown}
Comestibles
 g - 3 bread rations
 h - a meat ration
 s - a beef jerky


   Skills:
 - Level 1.7 Fighting
 - Level 5.0 Short Blades
 - Level 3.7 Throwing
 - Level 0.7 Dodging
 + Level 4.9 Stealth


You had 5 spell levels left.
You didn't know any spells.

Dungeon Overview and Level Annotations

Branches:
Dungeon (3/15)

Altars:
Trog

Annotations:
D:3 Quirk's ghost, amateur DsFi


Innate Abilities, Weirdness & Mutations

You have extremely sharp teeth.
Your natural rate of healing is unusually fast.
When hurt, damage is shared between your health and your magic reserves.
Your bite disrupts and absorbs the magic of your enemies.
Potions and wands cannot restore your health.
You are immune to rotting.


Message History

You bite Quirk's ghost, but do no damage.
Quirk's ghost is moderately damaged.
You hit Quirk's ghost but do no damage. Your bite misses Quirk's ghost.
Quirk's ghost is moderately damaged.
Quirk's ghost hits you!
* * * LOW HITPOINT WARNING * * *
You aren't carrying any spellbooks or scrolls.
It was a potion of flight.
You feel very buoyant.
You fly up into the air.
Quirk's ghost hits you.
* * * LOW HITPOINT WARNING * * *
Quivering
c - 2 throwing nets for throwing.
Throwing (i - inventory):
c - 2 throwing nets (quivered)
Press: ? - help, Shift-Dir - straight line, f - Quirk's ghost
Aim: Quirk's ghost (moderately damaged, immune to nets)
You throw a throwing net. The throwing net hits Quirk's ghost.
The net passes right through Quirk's ghost!
Quirk's ghost is moderately damaged.
Quirk's ghost hits you!
You die...

##...## ...
#########.#.#.##
#.#
............##.#
♣.♣
#########.###.##
#.###### # ###
### #....... #
#..###.# # #####
##.# #.# ##
#)).# ###### #.#
#.# .# #.[.#
#.@W.# #.# #..
.# #...# ####.#
#.# ##÷ .# ##'##
#.# ###.# #. .#
#.##
#.######...####.
.# ##.#
#.........>.....
.# #.##
######..........
## ##.#
#.#.####### #
##.## #.#.# #
##.P.# #.#.#


You could see Quirk's ghost.

Vanquished Creatures
  Sigmund (D:2)
  Crazy Yiuf (D:3)
  Terence (D:3)
  5 adders
  An ooze (D:1)
  2 dart slugs (D:2)
  A ball python (D:1)
  6 giant cockroaches
  13 goblins
  4 jackals (D:2)
  7 bats
  4 frilled lizards
  4 kobolds
  12 rats
62 creatures vanquished.

Notes
Turn   | Place    | Note
-------+----------+-------------------------------------------
     0 | D:1      | godfroggy the Vine Stalker Assassin began the quest for the Orb.
     0 | D:1      | Reached XP level 1. HP: 11/11 MP: 2/2
    53 | D:1      | Reached skill level 2 in Short Blades
   315 | D:1      | Reached XP level 2. HP: 15/15 MP: 3/3
   873 | D:1      | Reached XP level 3. HP: 17/18 MP: 4/4
   992 | D:2      | Noticed Sigmund
  1090 | D:2      | Found a bloodstained altar of Trog.
  1210 | D:2      | Reached skill level 3 in Short Blades
  1454 | D:2      | Gained mutation: Your natural rate of healing is unusually fast. [Vine Stalker growth]
  1454 | D:2      | Reached XP level 4. HP: 23/23 MP: 5/5
  1672 | D:2      | Killed Sigmund
  1672 | D:2      | Reached skill level 4 in Short Blades
  1672 | D:2      | Reached XP level 5. HP: 16/26 MP: 3/6
  1672 | D:2      | Reached XP level 6. HP: 18/30 MP: 3/7
  2020 | D:3      | Noticed Terence
  2029 | D:3      | Killed Terence
  2316 | D:3      | Found a runed door.
  2327 | D:3      | Noticed Crazy Yiuf
  2331 | D:3      | Killed Crazy Yiuf
  2476 | D:3      | Reached skill level 5 in Short Blades
  2515 | D:3      | Noticed Quirk's ghost (amateur DsFi)
  2565 | D:3      | Slain by Quirk's ghost

Skill      XL: |  1  2  3  4  5  6 |
---------------+-------------------+-----
Short Blades   | 2 3 4 5 |  5.0
Throwing       | 2 3 |  3.7
Fighting       | |  1.7
Dodging        | |  0.7
Stealth        | |  4.9

Action                   |  1- 3 |  4- 6 || total
-------------------------+-------+-------++-------
Melee: Dagger            |    55 |    32 ||    87
       Bite              |    11 |    16 ||    27
       Short sword       |    15 |    39 ||    54
 Fire: Blowgun           |       |     4 ||     4
Throw: Throwing net      |       |     1 ||     1
  Use: Scroll            |     4 |    10 ||    14
       Potion            |       |     1 ||     1
 Stab: Sleeping          |    18 |    11 ||    29
  Eat: Chunk             |     2 |     3 ||     5
Armor: Robe              |    22 |    11 ||    33
Dodge: Dodged            |    25 |    18 ||    43
